 Dungeon Crawl Stone Soup version 0.27-a0-1006-g1fd4cec11e (webtiles) character file.

Game seed: 3106205563744560666

31 funkygono the Firebug (level 3, -1/19 HPs)
             Began as a Gargoyle Fire Elementalist on Apr 17, 2021.
             Slain by Terence
             ... wielding a +1 flail of protection
              (6 damage)
             ... on level 2 of the Dungeon.
             The game lasted 00:02:19 (1575 turns).

funkygono the Firebug (Gargoyle Fire Elementalist)  Turns: 1575, Time: 00:02:20

Health: -1/19      AC:  6    Str: 11    XL:     3   Next: 22%
Magic:  6/6        EV: 12    Int: 16    God:
Gold:   20         SH:  0    Dex: 10    Spells: 2/6 levels left

rFire    . . .     SeeInvis .   c - +2 dagger (drain)
rCold    . . .     Faith    .   (no shield)
rNeg     + . .     Spirit   .   a - +1 robe
rPois    ∞         Reflect  .   (no helmet)
rElec    +         Harm     .   (no cloak)
rCorr    .         Rampage  .   (no gloves)
Will     .....                  (no boots)
Stlth    ++........             (no amulet)
HPRegen  0.06/turn              (no ring)
MPRegen  0.10/turn              (no ring)

@: no status effects
A: AC +3, negative energy resistance 1, electricity resistance, torment
resistance 1, unbreathing 1, petrification resistance
a: no special abilities


You were on level 2 of the Dungeon.
You visited 1 branch of the dungeon, and saw 2 of its levels.

You collected 20 gold pieces.

Inventory:

Hand Weapons
 c - a +2 dagger of draining (weapon)
Missiles
 g - 34 stones
Armour
 a - a +1 robe (worn)
Potions
 b - a potion of flight {unknown}
 d - 2 potions of heal wounds


   Skills:
 + Level 1.6 Dodging
 - Level 2.1 Stealth
 * Level 2.3 Spellcasting
 * Level 1.5 Conjurations
 * Level 3.7 Fire Magic


You had 2 spell levels left.
You knew the following spells:

 Your Spells              Type           Power      Damage    Failure   Level
a - Foxfire               Conj/Fire      40%        2x1d6     7%          1
b - Conjure Flame         Conj/Fire      10%        6-21      21%         3

Your spell library contained the following spells:

 Spells                   Type           Power      Damage    Failure   Level
 Inner Flame              Hex/Fire       7%         N/A       28%         3
 Sticky Flame             Conj/Fire      10%        2d3       54%         4
 Fireball                 Conj/Fire      5%         3d5       88%         5


Dungeon Overview and Level Annotations

Branches:
Dungeon (2/15)

Altars:

Annotations:
D:2 Terence


Innate Abilities, Weirdness & Mutations

Your stone body is resilient. (AC +3)
You are immune to poison.
You resist negative energy. (rN+)
You are resistant to electric shocks. (rElec)
You are resistant to unholy torment.
You can survive without breathing.
You are immune to petrification.


Message History

You conjure some foxfire!
The foxfire hits the giant cockroach.
You kill the giant cockroach!
Your foxfire dissipates!
Terence the Incautious comes into view.
He is wielding a +1 flail of protection.
Terence shouts!
Casting: Foxfire (safe; 7% risk of failure)
Confirm with . or Enter, or press ? or * to list all spells.
You conjure some foxfire!
Casting: Foxfire (safe; 7% risk of failure)
Confirm with . or Enter, or press ? or * to list all spells.
You miscast Foxfire.
You are very lightly contaminated with residual magic.
Nothing appears to happen.
The foxfire hits Terence but does no damage.
The foxfire hits Terence.
Terence is lightly wounded.
Terence hits you with a +1 flail of protection!
Ouch! That really hurt!
You barely miss Terence.
Terence is lightly wounded.
Terence hits you with a +1 flail of protection.
* * * LOW HITPOINT WARNING * * *
You barely miss Terence.
Terence is lightly wounded.
Terence closely misses you.
Unknown command.
Terence says, "Rest in peace."
You barely miss Terence.
Terence is lightly wounded.
Terence closely misses you.
Your magical contamination has completely faded away.
There is a stone staircase leading up here.
Casting: Foxfire (safe; 7% risk of failure)
Confirm with . or Enter, or press ? or * to list all spells.
Okay, then.
You hit Terence but do no damage. You barely miss Terence.
Terence barely misses you.
Terence hits you with a +1 flail of protection.
You die...

############# #...........#
#.#####.###.# #.# ##.#.##.##
##.###.###....## #.....##
##.#.÷# ##########
#..###.###.....# #.........
#..# ##.#.##.#@# ###.########
#..####..###.#@# #.....#
#............#.###.#.#.########
#.###.#.######.................
#.# #.#.# #####.#<#.########
#.# #.#.# #.....# #.# #.#.#
###.### #.###.#.# #.# #.......#
#.#


You could see Terence.

Vanquished Creatures
  An adder (D:2)
  2 giant cockroaches
  3 goblins (D:1)
  3 hobgoblins
  A kobold (D:1)
  2 quokkas (D:1)
  3 ball pythons (D:1)
  A bat (D:2)
  2 frilled lizards
  2 rats (D:2)
20 creatures vanquished.

Vanquished Creatures (others)
  58 foxfires
58 creatures vanquished.

Grand Total: 78 creatures vanquished

Notes
Turn   | Place    | Note
-------+----------+-------------------------------------------
     0 | D:1      | funkygono the Gargoyle Fire Elementalist began the quest
                  | for the Orb.
     0 | D:1      | Reached XP level 1. HP: 10/10 MP: 3/3
   550 | D:1      | Reached XP level 2. HP: 9/15 MP: 1/5
  1317 | D:2      | Reached XP level 3. HP: 19/19 MP: 2/6
  1374 | D:2      | Learned a level 3 spell: Conjure Flame
  1547 | D:2      | Noticed Terence
  1575 | D:2      | Slain by Terence

Illustrated notes

Levels and vault maps discovered:
D:1:      dpeg_arrival_simpleton_a, layout_loops_cross, hangedman_decor_lopped,
          patterned_corridor
D:2:      layout_loops_ring, uniq_terence

Action                   || total
-------------------------++-------
Melee: Unarmed           ||    14
       Dagger            ||     6
 Cast: Foxfire           ||    36
  Use: Scroll            ||     3
Armor: Robe              ||     6
Dodge: Dodged            ||    12

Table legend: (Time is in decaauts)
 A = Elapsed time spent in this place.
 B = Non-inter-level travel time spent in this place.
 C = Inter-level travel time spent in this place.
 D = Time resting spent in this place.
 E = Time spent auto-exploring this place.
 F = Levels seen in this place.
 G = Mean time per level.
                   A        B        C        D        E       F      G
               +--------+--------+--------+--------+--------+-----+--------+
         Total |   1574 |   1468 |    106 |      0 |   1289 |   2 |  787.0 |
       Dungeon |   1574 |   1468 |    106 |      0 |   1289 |   2 |  787.0 |
               +--------+--------+--------+--------+--------+-----+--------+

Top non-repeatable levels by time:
     D:1: 1228 daAuts
     D:2: 345 daAuts
